 Dungeon Crawl Stone Soup version 0.27.1-33-g824d729ab1 (webtiles) character file.

Game seed: 16600901148692721198

88 ces the Covered (level 4, 0/35 HPs)
             Began as a Human Fighter on Dec 10, 2021.
             Slain by a bullfrog (6 damage)
             ... on level 8 of the Dungeon.
             The game lasted 00:04:23 (3321 turns).

ces the Covered (Human Fighter)                     Turns: 3321, Time: 00:04:23

Health: 0/35       AC:  6    Str: 18    XL:     4   Next: 82%
Magic:  4/4        EV:  7    Int:  8    God:
Gold:   126        SH:  9    Dex: 12    Spells: 3/3 levels left

rFire    . . .     SeeInvis .   a - +0 war axe
rCold    . . .     Faith    .   c - +0 kite shield
rNeg     . . .     Spirit   .   b - +0 scale mail
rPois    .         Reflect  .   (no helmet)
rElec    .         Harm     .   (no cloak)
rCorr    .         Rampage  .   (no gloves)
Will     .....                  (no boots)
Stlth    ..........             e - amulet of magic regeneration
HPRegen  0.11/turn              (no ring)
MPRegen  0.34/turn              (no ring)

@: no status effects
A: no striking features
a: no special abilities


You were on level 8 of the Dungeon.
You visited 1 branch of the dungeon, and saw 6 of its levels.

You collected 126 gold pieces.

Inventory:

Hand Weapons
 a - a +0 war axe (weapon)
Missiles
 f - 40 bolts
Armour
 b - a +0 scale mail (worn)
 c - a +0 kite shield (worn)
Jewellery
 e - an amulet of magic regeneration (around neck)
Scrolls
 l - 2 scrolls of noise {unknown}
 m - a scroll of silence {unknown}
Potions
 d - a potion of might
 i - a potion of brilliance
 k - a potion of lignification {unknown}
 n - 2 potions of curing {unknown}


   Skills:
 + Level 3.4 Fighting
 + Level 3.4 Axes
 + Level 3.5 Armour
 + Level 0.7 Dodging
 + Level 3.2 Shields


You had 3 spell levels left.
You didn't know any spells.
Your spell library was empty.

Dungeon Overview and Level Annotations

Branches:
Dungeon (8/15)
 Temple: D:4-7         Lair: D:8-11

Altars:
Elyvilon

Annotations:
D:2 Terence
D:6 Dowan, Duvessa


Message History

The bullfrog hits you.
An orc warrior comes into view. It is wielding a +0 halberd.
The orc warrior shouts!
You hear a shout!
The bullfrog hits you!
The bullfrog hits you but does no damage.
You block the bullfrog's attack. The bullfrog hits you.
The bullfrog hits you but does no damage.
You block the bullfrog's attack. The bullfrog hits you.
The bullfrog barely misses you. You block the bullfrog's attack.
The bullfrog hits you. The bullfrog hits you. The bullfrog barely misses you.
You block the bullfrog's attack.
The bullfrog hits you but does no damage.
The bullfrog hits you.
The bullfrog hits you but does no damage.
The bullfrog hits you but does no damage.
The bullfrog hits you!
* * * LOW HITPOINT WARNING * * *
You block the bullfrog's attack.
The bullfrog hits you but does no damage.
The bullfrog barely misses you. The bullfrog hits you.
* * * LOW HITPOINT WARNING * * *
The bullfrog hits you but does no damage.
A two-headed ogre comes into view.
It is wielding a +0 giant spiked club and a +0 giant club.
The two-headed ogre shouts in stereo!
The bullfrog hits you but does no damage.
The bullfrog barely misses you. The bullfrog hits you.
* * * LOW HITPOINT WARNING * * *
The bullfrog hits you but does no damage.
The bullfrog barely misses you.
Found an escape hatch in the floor.
You block the bullfrog's attack. The bullfrog hits you.
You die...

##..........##.
...............
##....#K##..##.
##.#.#.# .....
#.#...# ..## #
#.K.# ... #
#K..# ###
#.#.O.##..###
#...F@.....>.
####.########
........#
#########


You could see a two-headed ogre, a bullfrog and 3 kobolds.

Vanquished Creatures
  3 adders (D:2)
  4 worms (D:2)
  A dart slug (D:1)
  3 bats
  7 endoplasms
  A giant cockroach (D:2)
  6 goblins
  4 hobgoblins
  3 jackals (D:1)
  A quokka (D:1)
  4 ball pythons
  4 frilled lizards
  4 kobolds
  3 rats
48 creatures vanquished.

Notes
Turn   | Place    | Note
-------+----------+-------------------------------------------
     0 | D:1      | ces the Human Fighter began the quest for the Orb.
     0 | D:1      | Reached XP level 1. HP: 18/18 MP: 1/1
   167 | D:1      | Reached XP level 2. HP: 24/24 MP: 2/2
   499 | D:1      | Found a faded altar of an unknown god.
   569 | D:1      | Reached XP level 3. HP: 29/29 MP: 3/3
   585 | D:1      | You fall into a shaft and drop 1 floor!
  1512 | D:1      | Reached XP level 4. HP: 35/35 MP: 4/4
  2847 | D:2      | Noticed Terence
  2931 | D:3      | You fall into a shaft and drop 3 floors!
  2931 | D:6      | Found a white marble altar of Elyvilon.
  2950 | D:6      | Noticed Dowan
  2952 | D:6      | Noticed Duvessa
  3154 | D:7      | Noticed an ice beast
  3154 | D:7      | Noticed an ogre
  3201 | D:8      | Noticed a black bear
  3257 | D:8      | Noticed a bullfrog
  3258 | D:8      | Noticed a kobold brigand
  3263 | D:8      | Noticed an orc warrior
  3310 | D:8      | Noticed a two-headed ogre
  3321 | D:8      | Slain by a bullfrog

Illustrated notes

Levels and vault maps discovered:
D:1:      amcnicky_arrival_double_pillar, layout_basic, serial_aquarium,
          aquarium_bridge_square [aquarium_subvault_wall,
          aquarium_subvault_wall, aquarium_subvault_balcony,
          aquarium_subvault_bridge], aquarium_bridge_square
          [aquarium_subvault_bridge, aquarium_subvault_wall,
          aquarium_subvault_bridge, aquarium_subvault_bridge],
          aquarium_window_1, aquarium_window_1, aquarium_window_1,
          aquarium_window_2, aquarium_view_2a, aquarium_balcony_5b,
          aquarium_pool_four, ebering_ecumenical_altar_webs, minmay_tetromino_t2
D:2:      layout_basic, corexii_leaking_fountain, hex_large,
          minmay_tiny_reverse_x, uniq_terence
D:3:      layout_rooms
D:6:      minmay_polygon_palace, layout_basic, mainiacjoe_overflow_alcove_4,
          gammafunk_temple_overflow_claw, minmay_checkerbox, uniq_duvessa,
          uniq_grinder
D:7:      layout_gridville, serial_shops, nicolae_lakefront_shop,
          corexii_item_surrounded_by_moat, hangedman_decor_opposing,
          minmay_misc_feat_roman, skrybe_limestone_x
D:8:      layout_loops_corners, chequers_serial_rivers_micro_a

Skill      XL: |  1  2  3 |
---------------+----------+-----
Axes           | 3 |  3.4
Fighting       | |  3.4
Armour         | |  3.5
Dodging        | |  0.7
Shields        | |  3.2

Action                   |  1- 3 |  4- 6 || total
-------------------------+-------+-------++-------
Melee: War axe           |   106 |    55 ||   161
  Use: Scroll            |       |     8 ||     8
       Potion            |       |     2 ||     2
Armor: Scale mail        |    45 |    37 ||    82
Dodge: Dodged            |    34 |    28 ||    62
Block: Kite shield       |    45 |    34 ||    79
